 Dungeon Crawl Stone Soup version 0.20-a0-1109-ge3cd172 (webtiles) character file.

2242 Popol the Cleaver (level 9, -5/79 HPs)
             Began as a Minotaur Fighter on May 5, 2017.
             Slain by a two-headed ogre
             ... wielding a +0 giant club
              (7 damage)
             ... on level 8 of the Dungeon.
             The game lasted 00:34:09 (5614 turns).

Popol the Cleaver (Minotaur Fighter)                Turns: 5614, Time: 00:34:10

Health: -5/79      AC: 11    Str: 24    XL:     9   Next: 14%
Magic:  8/8        EV:  8    Int:  5    God:
Gold:   290        SH: 11    Dex: 10    Spells: 8/8 levels left

rFire    . . .     SeeInvis .   a - +0 war axe
rCold    . . .     Gourm    .   c - +0 shield
rNeg     . . .     Faith    .   F - +1 chain mail
rPois    .         Spirit   .   (helmet restricted)
rElec    .         Reflect  .   (no cloak)
rCorr    .         Harm     .   (no gloves)
MR       .....                  (no boots)
Stlth    ..........             (no amulet)
Regen    0.3/turn               (no ring)
MPRegen  0.2/turn               (no ring)

@: no status effects
A: retaliatory headbutt, horns 2
a: no special abilities


You were on level 8 of the Dungeon.
You were not hungry.

You visited 1 branch of the dungeon, and saw 9 of its levels.

You collected 290 gold pieces.

Inventory:

Hand Weapons
 a - a +0 war axe (weapon)
 m - a +0 halberd
 w - a +0 hand axe
 y - a +0 flail
 z - a +0 halberd
 E - a +2 whip of draining
 J - a +0 long sword
Missiles
 r - 2 throwing nets (quivered)
 A - 8 tomahawks
Armour
 b - a +0 scale mail
 c - a +0 shield (worn)
 g - a +1 centaur barding
 j - a +0 ring mail
 n - a +0 leather armour
 q - a +0 scale mail
 v - a scarf of cloud immunity
 x - a cursed -1 ring mail
 D - a +0 ring mail
 F - a +1 chain mail (worn)
Jewellery
 o - a +5 ring of protection {unknown}
 u - a +5 amulet of reflection {unknown}
Wands
 d - a wand of acid (6/15)
 H - a wand of iceblast (7/15)
 I - a wand of paralysis (14/24)
 M - a wand of flame (21/48)
Scrolls
 p - a scroll of immolation {unknown}
 B - 3 scrolls of remove curse
 G - a scroll of identify
 L - a scroll of magic mapping
Potions
 e - 3 potions of brilliance {unknown}
 h - 2 potions of haste {unknown}
 i - 5 potions of curing
 k - 2 potions of mutation {unknown}
 l - a potion of ambrosia {unknown}
 s - a potion of magic {unknown}
 t - a potion of cancellation {unknown}
 C - a potion of flight {unknown}
Comestibles
 f - a bread ration
 K - a royal jelly


   Skills:
 + Level 7.0 Fighting
 + Level 9.7 Axes
 + Level 6.8 Armour
 + Level 3.2 Dodging
 + Level 0.3 Stealth
 + Level 7.2 Shields


You had 8 spell levels left.
You didn't know any spells.

Dungeon Overview and Level Annotations

Branches:
Dungeon (9/15)             Temple (0/1) D:7
   Lair: D:8-11         Orc: D:9-12

Altars:
Makhleb

Shops:
D:4 :

Annotations:
D:8 5 runed doors


Innate Abilities, Weirdness & Mutations

You reflexively headbutt those who attack you in melee.
You have a pair of horns on your head.


Message History

Your shield and chain mail prevent you from hitting the two-headed ogre.
You headbutt the two-headed ogre!
The two-headed ogre is lightly wounded.
You see here a stone.
A jackal comes into view.
The jackal barks!
The jackal barely misses you.
There is a stone staircase leading down here.
You block the two-headed ogre's attack. x2
You block the jackal's attack. The jackal barely misses you.
You furiously retaliate!
You headbutt the jackal!
You kill the jackal!
You feel better.
The two-headed ogre hits you with a giant club!
* * * LOW HITPOINT WARNING * * *
The two-headed ogre barely misses you.
The two-headed ogre hits you with a giant club!!
* * * LOW HITPOINT WARNING * * *
The two-headed ogre hits you with a giant club!
You die...

#.# #..# #.#..# #.#
#.<##.##.#..# #.#
#.###.##.#..# #.#
#.# #.#<....# #.#
#.# #.##.#.### #.#
#.# #.##.#...# #.#
#.# #.##.###.# #.#
#O###.##.# #.# #.#
#.@....#.# #.# #.#
######.#.# #.# #.#
#...# #.#
##.#########...###.#
#..................#
#..#########.#.#####
#..# #.#..# #..#
#.#..## #..# #.#...#


You could see a two-headed ogre.

Vanquished Creatures
  The ghost of Voxish the Changer, a novice DrTm of Sif Muna (D:5)
  An ice beast (D:9)
  2 sky beasts (D:7)
  2 orc warriors (D:6)
  4 ogres
  A centaur (D:5)
  A big kobold (D:8)
  A bullfrog (D:6)
  A scorpion (D:4)
  A bullfrog zombie (D:5)
  2 crimson imps
  A centaur zombie (D:6)
  A jelly (D:7)
  2 orc wizards (D:6)
  A bullfrog skeleton (D:5)
  A gnoll shaman (D:5)
  3 hounds
  Natasha (twice) (D:4)
  3 worker ants
  A worker ant zombie (D:5)
  20 gnolls
  9 adders
  2 adder skeletons
  A worm (D:4)
  2 dart slugs
  4 leopard geckos
  19 orcs
  4 giant cockroaches
  3 goblins
  5 hobgoblins
  3 jackals
  A quokka (D:7)
  A ball python (D:4)
  6 bats
  4 frilled lizards
  2 jackal skeletons
  2 jackal zombies
  12 kobolds
  A leopard gecko skeleton (D:5)
  3 rats
  2 bushes (D:2)
138 creatures vanquished.

Vanquished Creatures (collateral kills)
  A worker ant (D:5)
1 creature vanquished.

Grand Total: 139 creatures vanquished

Notes
Turn   | Place    | Note
-------+----------+-------------------------------------------
     0 | D:1      | Popol the Minotaur Fighter began the quest for the Orb.
     0 | D:1      | Reached XP level 1. HP: 19/19 MP: 0/0
   274 | D:1      | Reached XP level 2. HP: 23/27 MP: 1/1
   826 | D:2      | Reached XP level 3. HP: 4/33 MP: 2/2
   830 | D:2      | Reached skill level 3 in Axes
  1161 | D:2      | Reached XP level 4. HP: 40/40 MP: 3/3
  1435 | D:3      | Found a glowing drain.
  1595 | D:3      | Reached skill level 1 in Dodging
  1639 | D:3      | Paralysed by fainting for 9 turns
  1717 | D:3      | Reached skill level 4 in Axes
  1736 | D:3      | Paralysed by fainting for 6 turns
  1854 | D:3      | Reached XP level 5. HP: 38/46 MP: 4/4
  2114 | D:4      | Noticed Natasha
  2119 | D:4      | Killed Natasha
  2143 | D:4      | Found a burning altar of Makhleb.
  2143 | D:4      | Noticed a balrug
  2148 | D:4      | Noticed a ynoxinul
  2148 | D:4      | Noticed an orange demon
  2171 | D:4      | Reached skill level 5 in Axes
  2174 | D:4      | Found Feanoum's Book Emporium.
  2237 | D:4      | Noticed an ogre
  2242 | D:4      | Killed an ogre
  2242 | D:4      | Reached XP level 6. HP: 53/53 MP: 5/5
  2268 | D:4      | Noticed Natasha
  2273 | D:4      | Killed Natasha
  2294 | D:4      | Reached skill level 5 in Armour
  2294 | D:4      | Reached skill level 5 in Shields
  2503 | D:5      | Entered Level 5 of the Dungeon
  2510 | D:5      | Noticed Voxish's ghost (novice DrTm)
  2511 | D:5      | Reached skill level 6 in Axes
  2528 | D:5      | Killed Voxish's ghost
  2528 | D:5      | Reached skill level 5 in Fighting
  2528 | D:5      | Reached skill level 7 in Axes
  2528 | D:5      | Reached XP level 7. HP: 54/61 MP: 6/6
  2701 | D:5      | Reached XP level 8. HP: 40/69 MP: 7/7
  3189 | D:5      | Reached skill level 8 in Axes
  3457 | D:6      | Found a sand-covered staircase.
  3803 | D:6      | Reached skill level 9 in Axes
  4185 | D:7      | Found a staircase to the Ecumenical Temple.
  4487 | D:7      | Reached XP level 9. HP: 62/78 MP: 8/8
  4670 | D:8      | Found a runed gate.
  4672 | D:8      | Found a runed gate.
  4672 | D:8      | Found a runed gate.
  4685 | D:8      | Found a runed door.
  4695 | D:8      | Noticed a gargoyle
  5090 | D:8      | Found a runed door.
  5183 | D:9      | Noticed a two-headed ogre
  5195 | D:9      | HP: 3/78 [two-headed ogre/giant club (11)]
  5614 | D:8      | HP: 2/79 [two-headed ogre/giant club (22)]
  5614 | D:8      | Slain by a two-headed ogre

Vault maps used:
D:1:      shiori_arrival_elements, minmay_misc_feat_iff
D:2:      serial_park_tiny_2, kennysheep_generic_room_7, uniq_crazy_yiuf_cottage
D:3:      gup_sewer_entry_glass, first_bread
D:4:      serial_shops, nicolae_shop_window_shopping, makhleb_altar_promises_db,
          uniq_natasha
D:6:      enter_ossuary_3, dk_xom_monty_hall
D:7:      minmay_temple_entry_nine_rooms
D:8:      serial_shops, shop, hangedman_little_slice_of_home,
          minmay_guarded_unrand_staff_of_olgreb
D:9:      minmay_twisted_water, lemuel_round_altar

Skill      XL: |  1  2  3  4  5  6  7  8  9 |
---------------+----------------------------+-----
Armour         | 4 5 6 |  6.8
Shields        | 4 5 6 7 |  7.2
Fighting       | 4 5 6 7 |  7.0
Axes           | 3 4 5 7 9 |  9.7
Dodging        | 1 2 3 |  3.2
Stealth        | |  0.3

Action                   |  1- 3 |  4- 6 |  7- 9 || total
-------------------------+-------+-------+-------++-------
Melee: War axe           |   116 |   112 |   197 ||   425
       Headbutt          |    34 |    17 |    50 ||   101
  Use: Scroll            |     3 |       |     5 ||     8
       Potion            |       |       |     3 ||     3
  Eat: Bread ration      |       |     1 |     2 ||     3
       Fruit             |       |       |     4 ||     4
Armor: Scale mail        |    44 |    44 |    40 ||   128
       Chain mail        |       |       |    46 ||    46
Dodge: Dodged            |    26 |    47 |    70 ||   143
Block: Shield            |    41 |    66 |   151 ||   258
